 Dungeon Crawl Stone Soup version 0.25-a0-2-g6559c6c67a (webtiles) character file.

Game seed: 4370753507641955587, levelgen mode: deterministic

49 Monsterracer the Ruffian (level 3, -9/36 HPs)
             Began as a Troll Abyssal Knight on Oct 14, 2019.
             Was an Initiate of Okawaru.
             Mangled by a small abomination (15 damage)
             ... created by the touch of Lugonu
             ... on level 2 of the Dungeon.
             The game lasted 00:04:13 (1250 turns).

Monsterracer the Ruffian (Troll Abyssal Knight)     Turns: 1250, Time: 00:04:14

Health: -9/36      AC:  6    Str: 20    XL:     3   Next: 51%
Magic:  0/2        EV: 10    Int:  8    God:    Okawaru [......]
Gold:   37         SH:  0    Dex: 10    Spells: 2/2 levels left

rFire    . . .     SeeInvis .     - Unarmed
rCold    . . .     Gourm    +   (no shield)
rNeg     . . .     Faith    .   a - +0 robe
rPois    .         Spirit   +   (helmet restricted)
rElec    .         Reflect  .   (no cloak)
rCorr    .         Harm     .   (gloves unavailable)
MR       .....                  (boots unavailable)
Stlth    +.........             l - amulet of guardian spirit
HPRegen  0.52/turn              (no ring)
MPRegen  0.08/turn              (no ring)

@: no status effects
A: large, unfitting armour, claws 3, fast metabolism 3, gourmand, low mp 1,
regeneration 1, shaggy fur 1, tough skin 3
a: Renounce Religion


You were on level 2 of the Dungeon.
You worshipped Okawaru.
Okawaru was noncommittal.
You were full.

You visited 1 branch of the dungeon, and saw 2 of its levels.
You visited the Abyss 1 time.

You collected 37 gold pieces.

Inventory:

Armour
 a - a +0 robe (worn)
Jewellery
 h - an uncursed ring of ice
   (You found it on level 1 of the Dungeon)
 l - an amulet of guardian spirit (around neck)
   (You found it on level 1 of the Dungeon)
Scrolls
 r - a scroll of remove curse
Potions
 d - a potion of mutation {!q}
Comestibles
 c - 3 rations


   Skills:
 + Level 2.9 Fighting
 - Level 1.9 Dodging
 * Level 3.4 Unarmed Combat
 - Level 1.5 Invocations


You had 2 spell levels left.
You didn't know any spells.
Your spell library was empty.

Dungeon Overview and Level Annotations

Branches:
Dungeon (2/15)

Altars:
Okawaru


Innate Abilities, Weirdness & Mutations

You are too large for most types of armour.
You have claws for hands.
Your metabolism is lightning-fast.
You like to eat raw meat.
Your natural rate of healing is unusually fast.
You are covered in fur. (AC +1)
You have extremely tough skin. (AC +3)
Your magical capacity is low. (-10% MP)


Message History

You kill the adder!
Okawaru accepts your kill.
You claw the hobgoblin!
You kill the hobgoblin!
Okawaru accepts your kill.
A kobold comes into view. It is wielding a +0 short sword.
You claw the goblin!
You kill the goblin!
Okawaru accepts your kill.
The kobold throws a stone.
The stone hits you but does no damage.
You see here a goblin corpse.
You barely miss the frilled lizard.
The frilled lizard completely misses you.
The frilled lizard closely misses you.
The kobold throws a stone.
The stone barely misses you.
You claw the frilled lizard!
You kill the frilled lizard!
Okawaru accepts your kill.
The kobold throws a stone.
The stone completely misses you.
The kobold throws a stone.
The stone barely misses you.
You barely miss the kobold. You scratch the kobold.
You kill the kobold!
Okawaru accepts your kill.
No target in view!
No target in view!
No target in view!
A hobgoblin comes into view.
The hobgoblin shouts!
Things that are here:
a +0 short sword; a kobold corpse A hobgoblin is nearby!
A leopard gecko comes into view.
Found a scale mail.
You completely miss the hobgoblin.
The leopard gecko hisses angrily.
The hobgoblin hits you.
You claw the hobgoblin!
You kill the hobgoblin!
Okawaru accepts your kill. The leopard gecko bites you.
The leopard gecko bites you but does no damage.
You scratch the leopard gecko.
You kill the leopard gecko!
Okawaru accepts your kill.
No target in view!
No target in view!
Found a scratched garnet ring.
You see here a leopard gecko corpse.
You butcher the leopard gecko corpse.
f - 2 chunks of flesh You see here a leopard gecko skeleton.
Unknown command.
Eating one of 2 chunks of flesh.
You eat one of the 2 chunks of flesh.
This raw flesh tastes great.
Eating a chunk of flesh.
You eat the chunk of flesh.
This raw flesh tastes great.
Lugonu's wrath finds you!
You feel a wrenching sensation. Lugonu sends minions to punish you.
The divine experience confuses you!
You are confused.
A small abomination comes into view.
Okay, then.
You bump into the rock wall.
The small abomination hits you! The small abomination hits you.
* * * LOW HITPOINT WARNING * * *
The small abomination closely misses you.
Unknown command.
You feel less confused.
A bat comes into view.
The small abomination hits you!
* * * LOW HITPOINT WARNING * * *
The bat moves out of view.
Unknown command.
The small abomination closely misses you.
The small abomination hits you.
* * * LOW HITPOINT WARNING * * *
Unknown command.
The small abomination hits you.
* * * LOW HITPOINT WARNING * * *
Unknown command.
Okay, then.
Throwing (i - inventory)
b - 2 throwing nets (quivered)
{!f}
Press: ? - help, Shift-Dir - straight line, f - small abomination
Aim: a small abomination (durably summoned) Really fire
b - 2 throwing nets {!f}?
You throw a throwing net {!f}.
The throwing net {!f} barely misses the small abomination.
The small abomination hits you but does no damage.
Throwing (i - inventory)
b - a throwing net (quivered)
{!f}
Press: ? - help, Shift-Dir - straight line, f/p - small abomination
Aim: a small abomination (durably summoned) Really fire
b - a throwing net {!f}?
You throw a throwing net {!f}.
The throwing net {!f} barely misses the small abomination.
The small abomination completely misses you.
The small abomination hits you!
You die...

.............#.....#
...$......)..#..####
............#..#
###........#..#
#........#..#
#........#..#
#.####รท.......#).#
..=..(.........#<.#
#...........x@.#
#..............#
#.........#..[...
#.........#........
#.........#........#
#.......###........#
....... ##########


You could see a small abomination.

Vanquished Creatures
  An adder (D:2)
  A dart slug (D:1)
  2 leopard geckos (D:1 D:2)
  6 bats (D:1 D:2)
  2 giant cockroaches (D:1)
  2 goblins (D:1 D:2)
  4 hobgoblins (D:1 D:2)
  4 jackals (D:2)
  2 frilled lizards (D:1 D:2)
  4 kobolds (D:1 D:2)
  4 rats (D:1 D:2)
32 creatures vanquished.

Notes
Turn   | Place    | Note
-------+----------+-------------------------------------------
     0 | Abyss:1  | Monsterracer the Troll Abyssal Knight began the quest for
                  | the Orb.
     0 | Abyss:1  | Reached XP level 1. HP: 22/22 MP: 1/1
    13 | D:1      | Escaped the Abyss
    86 | D:1      | Reached XP level 2. HP: 29/29 MP: 2/2
   186 | D:1      | Found an iron altar of Okawaru.
   203 | D:1      | Fell from the grace of Lugonu
   203 | D:1      | Became a worshipper of Warmaster Okawaru
   472 | D:1      | Reached skill level 3 in Unarmed Combat
   740 | D:2      | Reached XP level 3. HP: 24/36 MP: 1/3
   761 | D:2      | Noticed an ancient zyme
   796 | D:2      | Gained mutation: Your magical capacity is low. (-10% MP)
                  | [mutagenic glow]
  1052 | D:2      | HP: 17/36 [ancient zyme[the touch of Lugonu] (5)]
  1054 | D:1      | HP: 8/36 [ancient zyme[the touch of Lugonu] (9)]
  1239 | D:2      | Noticed a small abomination
  1242 | D:2      | HP: 16/36 [small abomination[the touch of Lugonu] (4)]
  1245 | D:2      | HP: 5/36 [small abomination[the touch of Lugonu] (4)]
  1250 | D:2      | Mangled by a small abomination

Levels and vault maps discovered:
D:1:      minmay_arrival_arboretum_small, layout_loops_ring,
          okawaru_ov_weapons_minmay
D:2:      layout_basic, yredelemnul_forgotten_temple_becter,
          uniq_crazy_yiuf_cottage

Skill      XL: |  1  2 |
---------------+-------+-----
Unarmed Combat | 3 |  3.4
Fighting       | |  2.9
Dodging        | |  1.9
Invocations    | |  1.5

Action                   || total
-------------------------++-------
Melee: Unarmed           ||    90
Throw: Throwing net      ||     2
  Use: Scroll            ||     6
       Potion            ||     1
  Eat: Chunk             ||    14
Armor: Robe              ||    54
Dodge: Dodged            ||    60

Table legend:
 A = Non-vault XP
 B = Vault XP
 C = Vault XP percentage of total XP
 D = Non-vault monster count
 E = Vault monster count
 F = Vault count percentage of total count
                 A         B        C        D         E       F
            +---------+---------+-------+---------+---------+-------
      Total |      70 |       0 |   0.0 |      32 |       0 |   0.0
            +---------+---------+-------+---------+---------+-------
        D:1 |      34 |       0 |   0.0 |      19 |       0 |   0.0
        D:2 |      36 |       0 |   0.0 |      13 |       0 |   0.0
            +---------+---------+-------+---------+---------+-------
